 Dungeon Crawl Stone Soup version 0.30-a0-1043-g60ff8d5f49 (webtiles) character file.

Game seed: 14167236404145066178

28 cheesebisquit the Poker (level 3, -1/27 HPs)
             Began as a Merfolk Gladiator on Apr 10, 2023.
             Killed from afar by Terence (11 damage)
             ... with a bolt of dispelling energy
             ... on level 2 of the Dungeon.
             The game lasted 00:03:25 (663 turns).

cheesebisquit the Poker (Merfolk Gladiator)          Turns: 663, Time: 00:03:26

Health: -1/27      AC:  6    Str: 14    XL:     3   Next: 12%
Magic:  3/3        EV: 10    Int:  7    God:
Gold:   48         SH:  0    Dex: 17    Spells: 2/2 levels left

rFire   . . .      SeeInvis .    a - +0 trident
rCold   . . .      Faith    .    (no shield)
rNeg    . . .      Spirit   .    b - +0 leather armour
rPois   .          Reflect  .    c - +0 helmet
rElec   .          Rampage  .    o - +0 cloak
rCorr   .                        p - +0 pair of gloves
Will    .....                    (no boots)
Stlth   +                        (no amulet)
HPRegen 0.24/turn                (no ring)
MPRegen 0.08/turn                (no ring)

@: constricted
A: (nimble swimmer 2), mertail
a: no special abilities


You were on level 2 of the Dungeon.
You visited 1 branch of the dungeon, and saw 2 of its levels.

You collected 48 gold pieces.

Inventory:

Hand Weapons
 a - a +0 trident (weapon)
Missiles
 j - 2 poisoned darts (quivered)
 l - a javelin
Armour
 b - a +0 leather armour (worn)
 c - a +0 helmet (worn)
 o - a +0 cloak (worn)
 p - a +0 pair of gloves (worn)
Scrolls
 f - a scroll of fog {unknown}
 h - a scroll of amnesia {unknown}
 i - a scroll of identify {unknown}
 m - a scroll of teleportation {unknown}
 n - a scroll of noise {unknown}
Potions
 d - a potion of berserk rage {unknown}
 e - a potion of curing {unknown}
 g - a potion of invisibility {unknown}


   Skills:
 - Level 2.1 Fighting
 + Level 5.6 Polearms
 - Level 2.0 Throwing
 - Level 4.0 Dodging


You had 2 spell levels left.
You didn't know any spells.
Your spell library was empty.

Dungeon Overview and Level Annotations

Branches:
Dungeon (2/15)

Altars:

Annotations:
D:2 Terence


Innate Abilities, Weirdness & Mutations

((You are very nimble when in or above water. (Stealth+, EV+, Speed+++)))
Your lower body shifts to a powerful aquatic tail in water.


Message History

The bat misses you. The bat closely misses you. Terence barely misses you.
You throw a throwing net. The throwing net hits Terence.
Terence is caught in the net!
Terence is lightly wounded.
The bat hits you.
Terence struggles against the net.
You hit Terence.
Terence is moderately wounded.
The bat barely misses you.
Terence zaps a wand.
The bolt of dispelling energy hits you!
Terence struggles against the net.
You puncture Terence!
Terence is severely wounded.
The bat closely misses you.
You hit Terence but do no damage.
Terence is severely wounded.
The bat hits you but does no damage.
Terence struggles against the net.
The ball python bites you but does no damage.
The ball python grabs you. The ball python constricts you.
You hit Terence but do no damage.
Terence is severely wounded.
The bat hits you but does no damage. The ball python bites you.
The ball python constricts you.
Terence struggles against the net.
You hit Terence.
Terence is severely wounded.
The bat misses you.
The ball python bites you but does no damage.
The ball python constricts you. Terence screams, "I want your blood!"
Terence struggles against the net.
The net rips apart, and Terence comes free!
The ball python barely misses you. The ball python constricts you.
You barely miss Terence.
Terence is severely wounded.
The bat hits you but does no damage.
Terence hits you with a +2 flail of protection.
The ball python bites you. The ball python constricts you.
You closely miss Terence.
Terence is severely wounded.
The bat barely misses you.
Terence zaps a wand.
The bolt of dispelling energy hits you!
You die...

############ .
######..........# ..
#...............# ...
#...............# ....
#.....).....#####
.....#.......†...#######
......@.................
......S@b..............#
.............##........#
.............##........#
########.....##[.......#
#.....##........#
#.....##........#
#.....##........#
................#
......###########


You could see Terence, a bat and a ball python.

Vanquished Creatures
  A dart slug (D:1)
  2 endoplasms (D:1)
  3 giant cockroaches (D:1)
  2 goblins (D:1)
  3 hobgoblins
  A kobold (D:1)
  2 quokkas (D:1)
  3 ball pythons
  4 bats
  2 rats (D:1)
23 creatures vanquished.

Notes
Turn   | Place    | Note
-------+----------+-------------------------------------------
     0 | D:1      | cheesebisquit the Merfolk Gladiator began the quest for the
                  | Orb.
     0 | D:1      | Reached XP level 1. HP: 16/16 MP: 1/1
   101 | D:1      | Reached XP level 2. HP: 22/22 MP: 2/2
   197 | D:1      | Reached skill level 5 in Polearms
   306 | D:1      | Reached XP level 3. HP: 24/27 MP: 3/3
   608 | D:2      | Noticed Terence
   663 | D:2      | Killed from afar by Terence

Illustrated notes

Levels and vault maps discovered:
D:1:      mushboom_english_gardens, layout_rooms, minmay_fountain_box
D:2:      layout_basic, uniq_terence, uniq_crazy_yiuf_cottage

Skill      XL: |  1  2 |
---------------+-------+-----
Polearms       | 5 |  5.6
Fighting       | |  2.1
Throwing       | |  2.0
Dodging        | |  4.0

Action                     || total
---------------------------++-------
  Melee: Trident           ||    71
  Throw: Throwing net      ||    14
         Javelin           ||     1
   Stab: Held in net/web   ||     2
         Sleeping          ||     1
 Armour: Leather armour    ||    23
  Dodge: Dodged            ||    37

Table legend: (Time is in decaauts)
 A = Elapsed time spent in this place.
 B = Non-inter-level travel time spent in this place.
 C = Inter-level travel time spent in this place.
 D = Time resting spent in this place.
 E = Time spent auto-exploring this place.
 F = Levels seen in this place.
 G = Mean time per level.
                   A        B        C        D        E       F      G
               +--------+--------+--------+--------+--------+-----+--------+
         Total |    665 |    614 |     51 |      0 |    410 |   2 |  332.5 |
       Dungeon |    665 |    614 |     51 |      0 |    410 |   2 |  332.5 |
               +--------+--------+--------+--------+--------+-----+--------+

Top non-repeatable levels by time:
     D:1: 493 daAuts
     D:2: 172 daAuts
